 Dungeon Crawl Stone Soup version 0.15.1 (webtiles) character file.

23 Kashira the Exhumer (level 2, -1/13 HPs)
             Began as a Felid Death Knight on Sept 17, 2014.
             Was a Follower of Yredelemnul.
             Slain by a giant gecko (4 damage)
             ... on Level 1 of the Dungeon.
             The game lasted 00:03:26 (1049 turns).

Kashira the Exhumer (Felid Death Knight)            Turns: 1049, Time: 00:03:26

HP  -1/13        AC  1     Str  9      XL: 2   Next: 72%
MP   2/5         EV 17     Int 12      God: Yredelemnul [*.....]
Gold 28          SH  0     Dex 15      Spells:  0 memorised,  1 level left
Lives: 0, deaths: 0

rFire  . . .     SeeInvis +       - Unarmed
rCold  . . .     Clarity  .     (armour unavailable)
rNeg   . . .     rCorr    .     (shield unavailable)
rPois  .         rRot     .     (helmet unavailable)
rElec  .         Spirit   .     (cloak unavailable)
SustAb .         Warding  .     (gloves unavailable)
rMut   .         Stasis   .     (boots unavailable)
Gourm  .                        (no amulet)
MR     .....                    (no ring)
                                (no ring)

@: quick, not resistant to hostile enchantments, unstealthy
A: paw claws, no armour, no weapons or thrown items, fangs 3, see invisible,
carnivore 3, speed 1, shaggy fur 1, slow metabolism 1, jump 1
a: Jump Attack, Animate Remains, Renounce Religion


You were on level 1 of the Dungeon.
You worshipped Yredelemnul.
Yredelemnul was aware of your devotion.
You were not hungry.

You visited 1 branch of the dungeon, and saw 1 of its levels.

You collected 28 gold pieces.

Inventory:

Comestibles
 c - a meat ration
Scrolls
 b - 2 scrolls of remove curse {unknown}
 d - a scroll of recharging {unknown}
 e - a scroll of blinking {unknown}
Jewellery
 a - an uncursed ring of flight {unknown}


   Skills:
 + Level 2.1 Fighting
 + Level 2.4 Dodging
 + Level 0.8 Stealth
 + Level 2.2 Unarmed Combat
 + Level 3.3 Invocations


You had one spell level left.
You didn't know any spells.

Dungeon Overview and Level Annotations

Branches:
Dungeon (1/15)

Altars:


Innate Abilities, Weirdness & Mutations

You cannot wear armour.
You are incapable of wielding weapons or throwing items.
Your paws have sharp claws.
You have razor-sharp teeth.
You have supernaturally acute eyesight.
You are carnivorous and can eat meat at any time.
You cover ground quickly.
You are covered in fur (AC +1).
You have a slow metabolism.
You can jump attack at a short distance.


Message History

Yredelemnul accepts your kill. What do you say? t - Yowl!
Orders for allies: a - Attack new target. r - Retreat! s - Stop attacking. w - Wait here. f - Follow me.
Anything else - Stay silent.
Gang up on whom?
Press: ? - help, Dir - move target cursor, f - giant gecko
Aim: a giant gecko (clinging, resting) Attack!
Your giant newt zombie completely misses the giant gecko.
You see here a giant cockroach corpse.
Use which ability? (? or * to list)
You attempt to give life to the dead...
The dead are crawling!
You feel slightly more hungry. The giant gecko bites you.
* * * LOW HITPOINT WARNING * * *
You swap places.
The giant gecko bites you.
You die...
Your body rises from the dead as a mindless zombie.

##...####.......Z.##
#.......+>........'Z
##...####.........##
##..# ##.......##
##Z# ##.....##
#######Z# ##...##
#.......# ##+##
#....Z..# #...ZZ@.#
#....lZ.# #.....[.#
#.....Z.# #.......#
####.#### #. ##


You could see a giant gecko, 2 friendly giant newt zombies, a friendly rat
zombie, a friendly giant cockroach zombie, a friendly goblin zombie and 2
friendly kobold zombies.

Vanquished Creatures
  An ooze (D:1)
  A bat (D:1)
  A giant cockroach (D:1)
  3 goblins (D:1)
  2 hobgoblins (D:1)
  4 kobolds (D:1)
  A giant newt (D:1)
  A jackal (D:1)
  2 rats (D:1)
16 creatures vanquished.

Vanquished Creatures (collateral kills)
  A hobgoblin (D:1)
  2 jackals (D:1)
  A giant newt (D:1)
  A goblin (D:1)
  A rat (D:1)
6 creatures vanquished.

Vanquished Creatures (others)
  A goblin zombie (D:1)
  2 hobgoblin zombies (D:1)
  A jackal zombie (D:1)
  A kobold zombie (D:1)
5 creatures vanquished.

Grand Total: 27 creatures vanquished

Notes
Turn   | Place    | Note
--------------------------------------------------------------
     0 | D:1      | Kashira, the Felid Death Knight, began the quest for the Orb.
     0 | D:1      | Reached XP level 1. HP: 9/9 MP: 2/2
   240 | D:1      | Reached skill level 3 in Invocations
   280 | D:1      | Reached XP level 2. HP: 4/13 MP: 4/4
  1049 | D:1      | Slain by a giant gecko

Action                   || total
-------------------------++-------
Melee: Unarmed           ||    46
Invok: Animate Remains   ||    12
 Abil: Jump Attack       ||     5
 Stab: Sleeping          ||     3
  Eat: Chunk             ||     3
